 Dungeon Crawl Stone Soup version 0.17-a0-18-gc25b939 (webtiles) character file.

88 Pikaro the Chopper (level 4, -2/35 HPs)
             Began as a Formicid Abyssal Knight on Mar 7, 2015.
             Was a Believer of Lugonu.
             Slain by a hobgoblin (4 damage)
             ... led by Robin
             ... on level 2 of the Dungeon.
             The game lasted 00:07:18 (2311 turns).

Pikaro the Chopper (Formicid Abyssal Knight)        Turns: 2311, Time: 00:07:18

Health: -2/35      AC:  5    Str: 17    XL:     4   Next: 81%
Magic:  6/6        EV: 10    Int: 12    God:    Lugonu [**....]
Gold:   45         SH:  0    Dex: 10    Spells: 0 memorised, 3 levels left

rFire  . . .     SeeInvis +     a - +1 hand axe
rCold  + . .     Clarity  .     f - +0 ring mail
rNeg   . . .     SustAb   .     (no shield)
rPois  .         Gourm    .     (helmet unavailable)
rElec  .         Spirit   .     (no cloak)
rCorr  .         Warding  .     (no gloves)
rMut   .         Stasis   +     (no boots)
MR     .....                    (no amulet)
Stlth  ..........               (no ring)
                                (no ring)

@: lethally poisoned (-2 -> -6), not resistant to hostile enchantments,
extremely unstealthy
A: permanent stasis, dig shafts and tunnels, four strong arms, antennae 3, cold
resistance 1
a: Dig, Shaft Self, Depart the Abyss, Bend Space, Renounce Religion


You were on level 2 of the Dungeon.
You worshipped Lugonu.
Lugonu was pleased with you.
You were not hungry.

You visited 1 branch of the dungeon, and saw 2 of its levels.
You visited the Abyss 1 time.

You collected 45 gold pieces.

Inventory:

Hand weapons
 a - a +1 hand axe (weapon)
Missiles
 j - 13 poisoned needles
Armour
 f - a +0 ring mail (worn)
   (You found it on level 1 of the Abyss)
Potions
 b - a potion of mutation {!q}
 d - a potion of invisibility {unknown}
 l - a potion of magic {unknown}
Comestibles
 c - 2 bread rations
 g - a meat ration
 h - 2 slices of pizza


   Skills:
 - Level 3.2 Fighting
 + Level 4.6 Axes
 - Level 2.1 Armour
 - Level 0.8 Dodging
 - Level 2.1 Invocations


You had 3 spell levels left.
You didn't know any spells.

Dungeon Overview and Level Annotations

Branches:
Dungeon (2/15)

Altars:

Annotations:
D:2 Robin


Innate Abilities, Weirdness & Mutations

You are under a permanent stasis effect.
You can dig through walls and to a lower floor.
Your four strong arms can wield two-handed weapons with a shield.
You have a pair of large antennae on your head (SInv).
Your flesh is cold resistant.


Message History

You hit the goblin. You hit the hobgoblin. You barely miss the goblin.
You barely miss the goblin. Robin throws the goblin at you!
The goblin hits you but does no damage. The hobgoblin hits you with a club.
The goblin misses you. The goblin hits you.
You take 5 damage, and have 19/35 hp.
You closely miss the goblin. You hit the hobgoblin.
You closely miss the goblin. x2
You hit the hobgoblin. The goblin barely misses you. The goblin misses you.
The hobgoblin hits you with a club. x2
The goblin hits you but does no damage.
You take 2 damage, and have 17/35 hp.
You slash the goblin!
You kill the goblin!
You hit the hobgoblin.
You kill the hobgoblin!
You hit the goblin. You hit the goblin but do no damage.
You closely miss the hobgoblin. The goblin barely misses you.
Robin drinks a potion.
Robin seems to grow stronger.
The goblin completely misses you.
The hobgoblin hits you but does no damage.
The goblin hits you but does no damage.
The goblin hits you with a dagger of protection.
You take 3 damage, and have 14/35 hp.
Drink which item? (? for menu, Esc to quit)
Okay, then.
You hit the goblin. You closely miss the goblin.
You closely miss the hobgoblin. You closely miss the goblin.
You hit the goblin.
You kill the goblin!
The goblin hits you but does no damage.
The hobgoblin hits you but does no damage.
The goblin hits you with a dagger of protection.
The goblin hits you but does no damage.
You take 3 damage, and have 11/35 hp.
You hit the goblin.
You kill the goblin!
You hit the hobgoblin. You hit the goblin.
You kill the goblin!
You barely miss the hobgoblin. You barely miss the goblin.
The hobgoblin hits you but does no damage.
The goblin shoots a stone.
The stone closely misses you.
The stone closely misses the goblin.
The hobgoblin closely misses you.
The goblin hits you with a dagger of protection.
* * * LOW HITPOINT WARNING * * *
Robin throws the goblin at you!
* * * LOW HITPOINT WARNING * * *
You take 3 damage, and have 8/35 hp.
Drink which item? (? for menu, Esc to quit)
It was a potion of mutation.
You feel extremely strange.
You feel resistant to cold.
Your vision blurs.
Your vision sharpens.
The hobgoblin misses you.
The hobgoblin hits you but does no damage. x2
The goblin unwields an uncursed hunting sling.
The goblin wields an uncursed dagger of venom.
It begins to drip with poison!
The goblin closely misses you.
The goblin hits you with a dagger of protection.
* * * LOW HITPOINT WARNING * * *
Robin roars a battlecry!
The goblins go into a battle-frenzy!
You take 1 damage, and have 7/35 hp.
Drink which item? (? for menu, Esc to quit)
It was a potion of curing.
You feel better. The hobgoblin hits you. The hobgoblin closely misses you.
The hobgoblin completely misses you. The goblin hits you but does no damage.
You are poisoned.
The goblin closely misses you.
You regained 7 hp, and now have 14/35 hp.
You hit the hobgoblin.
You kill the hobgoblin!
You hit the hobgoblin. You closely miss the hobgoblin.
You closely miss the goblin. x2
You feel sick. The hobgoblin barely misses you. The goblin misses you.
The goblin hits you with a dagger of protection.
The hobgoblin misses you.
You take 3 damage, and have 11/35 hp.
You hit Robin. You closely miss the hobgoblin. You hit the hobgoblin.
You kill the hobgoblin!
You closely miss the goblin. You hit the goblin.
You feel sick. Robin hits you but does no damage.
The hobgoblin hits you but does no damage.
The goblin hits you with an uncursed dagger of venom.
* * * LOW HITPOINT WARNING * * *
You are lethally poisoned!
The goblin hits you but does no damage.
You take 3 damage, and have 8/35 hp.
Drink which item? (? for menu, Esc to quit)
You feel better. Robin hits you with a short sword!
* * * LOW HITPOINT WARNING * * *
The hobgoblin hits you.
* * * LOW HITPOINT WARNING * * *
The goblin hits you with an uncursed dagger of venom.
* * * LOW HITPOINT WARNING * * *
You are lethally poisoned!
The goblin barely misses you.
You take 5 damage, and have 3/35 hp.
Drink which item? (? for menu, Esc to quit)
It was a potion of haste.
Your stasis keeps you stable.
* * * LOW HITPOINT WARNING * * *
You feel sick. Robin closely misses you. The hobgoblin hits you.
You die...

###..######.# ######.....#..###
..##.# { #####...##..)#.##.#
...### { ##.....##.#####.# ....#
{ #...$...#.#####.## ....# { {
#.......#........# ....#
#.......#......#.## ...##
#.....##......#..# ..##
#)gg##.......##.##
'#######+#######@##............#
................gg..#.#...(.##.##
....................#.#.....##..#
...............(....#.#.....###.#
'#######'#######+####.#.....# #..
..## ##...## ##########.
)..###.....## .........
....#.......# #########
....#..[....# #


You could see Robin, a hobgoblin (frenzied) and 2 goblins.

Vanquished Creatures
  Ijyb (D:2)
  3 worms (D:2)
  An ooze (D:1)
  A ball python (D:1)
  8 goblins
  9 hobgoblins
  5 jackals (D:2)
  2 kobolds (D:2)
  7 bats
  3 giant cockroaches
  2 giant geckos
  A giant newt (D:2)
  4 rats
47 creatures vanquished.

Notes
Turn   | Place    | Note
--------------------------------------------------------------
     0 | Abyss:1  | Pikaro, the Formicid Abyssal Knight, began the quest for the Orb.
     0 | Abyss:1  | Reached XP level 1. HP: 18/18 MP: 1/1
     5 | Abyss:1  | Found a corrupted altar of Lugonu.
    19 | Abyss:1  | Found a corrupted altar of Lugonu.
   197 | Abyss:1  | Noticed a sixfirhy
   201 | Abyss:1  | Noticed a small abomination
   208 | D:1      | Escaped the Abyss
   505 | D:1      | Acquired Lugonu's first power
   518 | D:1      | Reached XP level 2. HP: 22/24 MP: 3/3
   900 | D:1      | Reached skill level 3 in Axes
  1133 | D:2      | HP: 6/24 [worm (10)]
  1385 | D:2      | Reached XP level 3. HP: 29/29 MP: 5/5
  1395 | D:2      | Noticed Ijyb
  1406 | D:2      | Killed Ijyb
  1491 | D:2      | Acquired Lugonu's second power
  1491 | D:2      | Reached XP level 4. HP: 27/35 MP: 6/6
  1492 | D:2      | Reached skill level 4 in Axes
  1730 | D:2      | HP: 7/35 [worm (3)]
  2295 | D:2      | Noticed Robin
  2305 | D:2      | HP: 8/35 [Robin/goblin (1)]
  2306 | D:2      | Gained mutation: Your flesh is cold resistant. [potion of mutation]
  2306 | D:2      | Gained mutation: Scrolls take you a little longer to read. [potion of mutation]
  2306 | D:2      | Lost mutation: Scrolls take you a little longer to read. [potion of mutation]
  2310 | D:2      | HP: 6/35 [Robin/short sword (10)]
  2311 | D:2      | HP: 2/35 [poisoned by a goblin]
  2311 | D:2      | Slain by a hobgoblin

Action                   |  1- 3 |  4- 6 || total
-------------------------+-------+-------++-------
Melee: Hand axe          |    95 |    73 ||   168
Invok: Depart the Abyss  |     1 |       ||     1
  Use: Scroll            |     2 |       ||     2
       Potion            |       |     4 ||     4
  Eat: Chunk             |     2 |     3 ||     5

Vault maps used:
D:1:      dpeg_arrival_fog
D:2:      kennysheep_six_static_rooms, grunt_temple_overflow_open, first_bread,
          dk_vineyard_1, grunt_ministairs_13, minmay_misc_feat_four_crosses,
          uniq_iyjb, uniq_robin

Table legend:
 A = Turns spent in this place as a percentage of turns spent in the entire game.
 B = Non-inter-level travel turns spent in this place as a percentage of non-inter-level travel turns spent in the entire game.
 C = Inter-level travel turns spent in this place as a percentage of turns spent in this place.
 D = Turns resting spent in this place as a percentage of non-inter-level travel turns spent in this place.
 E = Turns spent auto-exploring this place as a percentage of non-inter-level travel turns spent in this place.
 F = Non-inter-level travel turns spent in this place divided by the number of levels of this place that you've seen.
                   A       B       C       D       E      F
               +-------+-------+-------+-------+-------+----------------------
         Total | 100.0 | 100.0 |   0.3 |   4.8 |   5.1 | 244.0
       Dungeon |  70.6 |  70.5 |   0.4 |   6.8 |   7.2 | 258.0
         Abyss |  29.4 |  29.5 |   0.0 |   0.0 |   0.0 | 216.0
               +-------+-------+-------+-------+-------+----------------------

Table legend:
 A = Kills in this place as a percentage of kills in entire the game.
 B = Kills by you in this place as a percentage of kills by you in the entire game.
 C = Kills by friends in this place as a percentage of kills by friends in the entire game.
 D = Other kills in this place as a percentage of other kills in the entire game.
 E = Experience gained in this place as a percentage of experience gained in the entire game.
 F = Experience gained in this place divided by the number of levels of this place that you have seen.
                   A       B       C       D       E      F
               +-------+-------+-------+-------+-------+----------------------
         Total | 100.0 | 100.0 |  -nan |  -nan | 100.0 |  42.0
       Dungeon | 100.0 | 100.0 |  -nan |  -nan | 100.0 |  63.0
               +-------+-------+-------+-------+-------+----------------------
